 Dungeon Crawl Stone Soup version 0.28-a0-32-g8dfe7f97f6 (webtiles) character file.

Game seed: 5570331577063889657

231 zazu2006 the Magician (level 6, 0/75 HPs)
             Began as a Naga Hedge Wizard on July 27, 2021.
             Slain by a hobgoblin (4 damage)
             ... led by Robin
             ... on level 2 of the Dungeon.
             The game lasted 00:03:22 (2212 turns).

zazu2006 the Magician (Naga Hedge Wizard)           Turns: 2212, Time: 00:03:23

Health: 0/75       AC: 23    Str: 13    XL:     6   Next: 4%
Magic:  11/13      EV:  1    Int: 16    God:
Gold:   92         SH:  0    Dex: 10    Spells: 5/14 levels left

rFire   . . .      SeeInvis +   e - +1 dagger (venom)
rCold   . . .      Faith    .   (no shield)
rNeg    + + +      Spirit   .   (armour currently unavailable)
rPois   +          Reflect  .   (helmet currently unavailable)
rElec   .          Harm     .   (cloak currently unavailable)
rCorr   .          Rampage  .   (gloves currently unavailable)
Will    +....      NoTele   +   (no barding)
Stlth   ++........              (no amulet)
HPRegen 0.22/turn               f - ring of willpower
MPRegen 0.13/turn               (no ring)

@: tree-form, very slightly contaminated, hasted, very quick
A: stationary, stasis, torment immunity, boosted hp, AC +2, large, see
invisible, (deformed body), (poison resistance), (slowness 2), spit poison 1,
(naga tail 1)
a: Spit Poison


You were on level 2 of the Dungeon.
You were a tree.
You visited 1 branch of the dungeon, and saw 2 of its levels.

You collected 92 gold pieces.

Inventory:

Hand Weapons
 d - a +0 dagger of speed
 e - a +1 dagger of venom (weapon)
Armour
 c - a +0 hat (melded)
 k - a +0 leather armour (melded)
Jewellery
 a - an amulet of guardian spirit
 f - a ring of willpower (left branch)
 l - a +4 ring of evasion
Scrolls
 g - a scroll of amnesia {unknown}
 h - a scroll of identify {unknown}
 i - a scroll of teleportation {unknown}
 j - a scroll of holy word {unknown}
 n - a scroll of immolation {unknown}
 o - a scroll of silence {unknown}
Potions
 m - a potion of lignification


   Skills:
 + Level 0.4 Fighting
 + Level 0.8 Armour
 + Level 2.0 Dodging
 + Level 3.4 Stealth
 + Level 4.8 Spellcasting
 + Level 2.9 Conjurations
 + Level 1.0 Summonings
 + Level 1.0 Translocations
 + Level 0.1 Poison Magic


You had 5 spell levels left.
You knew the following spells:

 Your Spells              Type           Power      Damage    Failure   Level
a - Magic Dart            Conj           52%        1d5       4%          1
b - Mephitic Cloud        Conj/Pois/Air  7%         N/A       30%         3
c - Conjure Flame         Conj/Fire      8%         6-21      26%         3
d - Blink                 Tloc           N/A        N/A       16%         2

Your spell library contained the following spells:

 Spells                   Type           Power      Damage    Failure   Level
 Freeze                   Ice            12%        1d4       16%         1
 Call Imp                 Summ           7%         N/A       16%         2
 Slow                     Hex            3%         N/A       24%         2
 Frozen Ramparts          Ice            6%         1d2       43%         3
 Hailstorm                Conj/Ice       8%         3d4       63%         4


Dungeon Overview and Level Annotations

Branches:
Dungeon (2/15)

Altars:

Annotations:
D:2 Robin


Innate Abilities, Weirdness & Mutations

You are a tree.
Your roots penetrate the ground, keeping you stationary.
You cannot be teleported.
You are immune to unholy pain and torment.
Your maximum health is greatly increased.
Your equipment is partially melded.
((Your serpentine skin is tough. (AC +2)))
You have supernaturally acute eyesight. (SInv)
((Armour fits poorly on your strangely shaped body.))
((Your system is resistant to poisons. (rPois)))
((You cover ground very slowly.))
You can spit poison.
((You have a snake-like lower body.))


Message History

Robin hits you from afar with a +0 trident.
The goblin hits you with a +0 club.
Robin roars a battlecry!
The hobgoblin goes into a battle-frenzy!
The goblin hits you but does no damage. The hobgoblin hits you.
Items here: )))) ††.
The hobgoblin no longer looks unusually strong.
You hit the goblin.
The goblin is poisoned.
The goblin is severely wounded.
The goblin closely misses you.
You closely miss the goblin.
The goblin is severely wounded.
You kill the goblin!
Robin hits you from afar with a +0 trident.
You hit the hobgoblin but do no damage.
The hobgoblin is poisoned.
Robin hits you from afar with a +0 trident!
* * * LOW HITPOINT WARNING * * *
The hobgoblin hits you.
* * * LOW HITPOINT WARNING * * *
Casting: Magic Dart (safe; 6% risk of failure)
Confirm with . or Enter, or press ? or * to list all spells.
You miscast Blink.
You are very lightly contaminated with residual magic.
Nothing appears to happen.
Robin barely misses you. The hobgoblin hits you.
* * * LOW HITPOINT WARNING * * *
Unknown command.
It was a potion of lignification.
You turn into a tree.
Your +0 hat melds into your body.
Your +0 leather armour melds into your body.
Your roots penetrate the ground.
You kill the hobgoblin!
Robin hits you from afar with a +0 trident.
* * * LOW HITPOINT WARNING * * *
It was a potion of haste.
You feel yourself speed up.
Robin roars a battlecry!
The hobgoblin goes into a battle-frenzy!
The hobgoblin hits you but does no damage.
You barely miss the hobgoblin. Robin hits you but does no damage.
The hobgoblin hits you.
You die...

.. #.. #..###.....#... #.
###.. #.# #####.#### #.#
##.... #.# #..#..
#..##..##.##.# ##.#..
#.......#.#.. #....
#.......#...############..
#.......##...........)....
#.......##..############..
###).....†g♣..# ###
.......(...g#####
.g###.......# #.......#
#(........# ..#########
... ..


You could see Robin and a hobgoblin (strong).

Vanquished Creatures
  Sigmund (D:2)
  An adder (D:2)
  A worm (D:2)
  A dart slug (D:1)
  5 endoplasms
  5 giant cockroaches (D:1)
  13 goblins
  5 hobgoblins
  A quokka (D:2)
  4 ball pythons
  3 bats (D:1)
  3 frilled lizards
  A kobold (D:1)
  3 rats (D:1)
47 creatures vanquished.

Notes
Turn   | Place    | Note
-------+----------+-------------------------------------------
     0 | D:1      | zazu2006 the Naga Hedge Wizard began the quest for the Orb.
     0 | D:1      | Reached XP level 1. HP: 15/15 MP: 4/4
   258 | D:1      | Reached XP level 2. HP: 17/22 MP: 3/6
   903 | D:1      | Reached XP level 3. HP: 20/28 MP: 4/8
   907 | D:1      | Learned a level 3 spell: Mephitic Cloud
   911 | D:1      | Learned a level 3 spell: Conjure Flame
   914 | D:1      | Learned a level 2 spell: Blink
  1658 | D:2      | Noticed Sigmund
  1721 | D:2      | Killed Sigmund
  1722 | D:2      | Reached skill level 4 in Spellcasting
  1722 | D:2      | Reached XP level 4. HP: 34/37 MP: 6/10
  1722 | D:2      | Reached XP level 5. HP: 40/43 MP: 7/12
  2173 | D:2      | Noticed Robin
  2182 | D:2      | Reached XP level 6. HP: 48/50 MP: 11/13
  2210 | D:2      | HP: 3/75 [Robin (4)]
  2212 | D:2      | Slain by a hobgoblin

Illustrated notes

Levels and vault maps discovered:
D:1:      ncdulo_halloftheorcs, layout_loops_ring, patterned_corridor
D:2:      layout_rooms, basic_altar, minivault_11, uniq_sigmund, uniq_robin

Skill      XL: |  1  2  3 |
---------------+----------+-----
Dodging        | 2 |  2.0
Spellcasting   | 4 |  4.8
Conjurations   | 2 |  2.9
Fighting       | |  0.4
Armour         | |  0.8
Stealth        | |  3.4
Summonings     | |  1.0
Translocations | |  1.0
Poison Magic   | |  0.1

Action                   |  1- 3 |  4- 6 || total
-------------------------+-------+-------++-------
Melee: Dagger            |    26 |    32 ||    58
 Cast: Magic Dart        |    54 |    15 ||    69
       Mephitic Cloud    |     1 |       ||     1
 Abil: Spit Poison       |     6 |     1 ||     7
  Use: Potion            |       |     2 ||     2
 Stab: Confused          |     1 |       ||     1
Armor: Robe              |     3 |       ||     3
       Leather armour    |     1 |    15 ||    16
       Skin              |       |     2 ||     2
Dodge: Dodged            |     6 |    14 ||    20

Table legend: (Time is in decaauts)
 A = Elapsed time spent in this place.
 B = Non-inter-level travel time spent in this place.
 C = Inter-level travel time spent in this place.
 D = Time resting spent in this place.
 E = Time spent auto-exploring this place.
 F = Levels seen in this place.
 G = Mean time per level.
                   A        B        C        D        E       F      G
               +--------+--------+--------+--------+--------+-----+--------+
         Total |   2648 |   2595 |     53 |      0 |   2277 |   2 | 1324.0 |
       Dungeon |   2648 |   2595 |     53 |      0 |   2277 |   2 | 1324.0 |
               +--------+--------+--------+--------+--------+-----+--------+

Top non-repeatable levels by time:
     D:1: 1806 daAuts
     D:2: 841 daAuts
